[Event "Team 45 45 League T37"]
[Site "Internet Chess Club"]
[Date "2008.05.22"]
[Round "5"]
[White "PANAMA-REY"]
[Black "Zyme"]
[Result "1-0"]
[WhiteElo "1375"]
[BlackElo "1383"]
[Opening "French defense"]
[ECO "C00"]
[Time "21:06:19"]
[TimeControl "2700+45"]

1. e4 e6 2. Nf3 d5 3. exd5 exd5 4. d4 Bd6 5. Nc3 c6 6. Be3 Ne7 7. Be2 Bf5 8. Qd2
O-O 9. O-O Nd7 10. h3 Nb6 11. a3 Qc7 12. Nh4 Bd7 13. f4 Rfe8 14. b3 Nf5 15. Nxf5
Bxf5 16. Bd3 Bxd3 17. Qxd3 Re7 18. f5 Rae8 19. Nd1 Nd7 20. Rf3 Nf6 21. Nc3 Ne4
22. Ne2 Bh2+ 23. Kf1 Bd6 24. b4 a5 25. Rb1 axb4 26. axb4 b5 27. c3 Ra8 28. Nf4
Ra2 29. Nh5 Qa7 30. f6 Re6 31. Nxg7 Rxf6 32. Rxf6 Nxf6 33. Nf5 Bh2 34. Nh6+ Kg7
35. Qf5 Ne4 36. Qg4+ Kf6 37. Ng8# {Black checkmated} 1-0

[Event "Team 45 45 League T37"]
[Site "Internet Chess Club"]
[Date "2008.05.27"]
[Round "5"]
[White "Mfalme"]
[Black "Tazmataz"]
[Result "0-1"]
[WhiteElo "1352"]
[BlackElo "1627"]
[Opening "King's pawn game"]
[ECO "C44"]
[Time "21:03:58"]
[TimeControl "2700+45"]

1. e4 e5 2. Nf3 Nc6 3. b3 Bc5 4. Bb2 d6 5. Be2 Nf6 6. d3 O-O 7. O-O Be6 8. a4 h6
9. c3 a5 10. d4 exd4 11. cxd4 Nxe4 12. dxc5 Nxc5 13. Bc4 Bxc4 14. bxc4 Nb4 15.
Ba3 Nbd3 16. Bxc5 Nxc5 17. Nbd2 Qf6 18. Nb3 Ne4 19. Nbd4 Rfe8 20. Nb5 Re7 21.
Re1 Rae8 22. Qd4 Qf5 23. Nc3 Nxc3 24. Qxc3 Qc5 25. Rxe7 Rxe7 26. Re1 Rd7 27. Qc2
Rd8 28. g3 d5 29. Rd1 d4 30. Qd3 Qd6 31. Qxd4 Qxd4 32. Rxd4 Rxd4 33. Nxd4 Kf8
34. f4 Ke7 35. Kf2 Kd6 36. Ke3 Kc5 37. Kd3 Kb4 38. Nf5 Kxa4 39. Nxg7 Kb3 40. Nf5
h5 41. Nd4+ Kb2 42. h3 a4 43. Nc2 a3 44. Nxa3 Kxa3 45. g4 hxg4 46. hxg4 Kb4 47.
f5 Kc5 48. g5 Kd6 49. g6 fxg6 50. fxg6 Ke7 51. g7 Kf7 52. Kd4 Kxg7 53. Kd5 Kf7
54. c5 Ke7 55. Kc4 Ke6 56. Kd4 Ke7 57. Ke5 Kd7 58. Kd5 Kc8 59. Kc4 Kb8 60. Kb5
Ka7 61. Ka5 c6 62. Ka4 Ka6 63. Kb4 Ka7 64. Ka5 Ka8 65. Kb6 Kb8 66. Ka5 Kc7 67.
Kb4 Kd7 68. Kc4 Ke6 69. Kd4 Kf5 70. Kd3 Ke5 71. Kc4 Ke4 72. Kc3 Kd5 73. Kb4 Kd4
74. Kb3 Kxc5 75. Kc3 b5 76. Kb3 Kd4 77. Kc2 c5 78. Kb2 c4 79. Kc2 b4 80. Kb2 Kd3
81. Kc1 Kc3 82. Kb1 Kd2 83. Kb2 c3+ 84. Kb1 c2+ {White resigns} 0-1

[Event "Team 45 45 League T37"]
[Site "Internet Chess Club"]
[Date "2008.05.27"]
[Round "5"]
[White "Just-Jim"]
[Black "Fidelian"]
[Result "1-0"]
[WhiteElo "1291"]
[BlackElo "1358"]
[Opening "King's pawn game"]
[ECO "C21"]
[Time "20:00:21"]
[TimeControl "2700+45"]

1. e4 e5 2. d4 Qe7 3. d5 c6 4. Nc3 Nf6 5. Bc4 d6 6. h3 Nbd7 7. dxc6 bxc6 8. Nf3
h6 9. O-O a5 10. a4 Nb6 11. Bb3 Qc7 12. Nh4 Be7 13. Qf3 Ba6 14. Re1 Bc4 15. Bxc4
Nxc4 16. Nf5 Rg8 17. b3 Nb6 18. Qd3 Bf8 19. Bd2 Rh8 20. f4 O-O-O 21. Qa6+ Qb7
22. Qxa5 Kc7 23. Be3 Rb8 24. fxe5 dxe5 25. Qxe5+ Bd6 26. Qxd6+ {Black resigns}
1-0

[Event "Team 45 45 League T37"]
[Site "Internet Chess Club"]
[Date "2008.05.25"]
[Round "5"]
[White "gsloan"]
[Black "Traho"]
[Result "1-0"]
[WhiteElo "1233"]
[BlackElo "1246"]
[Opening "Caro-Kann defense"]
[ECO "B15"]
[Time "20:01:30"]
[TimeControl "2700+45"]

1. e4 c6 2. Nc3 d5 3. d4 e6 4. a3 Nd7 5. Be2 Be7 6. Nf3 h6 7. O-O dxe4 8. Nxe4
Ndf6 9. Nxf6+ Nxf6 10. Bd2 O-O 11. Qe1 b6 12. b4 Bb7 13. c3 a5 14. bxa5 Rxa5 15.
a4 Ne4 16. Bd3 Nxd2 17. Nxd2 Ba6 18. Bxa6 Rxa6 19. Qe2 Qa8 20. Nb3 Rxa4 21. Rxa4
Qxa4 22. Qb2 Qa3 23. Rb1 Qxb2 24. Rxb2 Rd8 25. Nd2 c5 26. Nf3 Bf6 27. Rd2 e5 28.
dxc5 Rxd2 29. Nxd2 bxc5 30. Ne4 Be7 31. c4 f5 32. Ng3 g6 33. Kf1 Kf7 34. Ke2 h5
35. Nf1 f4 36. Kf3 Kf6 37. Ke4 Ke6 38. Nd2 Bd6 39. Nb3 g5 40. h3 h4 41. Nd2 Be7
42. Nf3 Kf6 43. Nxe5 Bd6 44. Nd7+ Ke6 45. Nb6 Be5 46. Nd7 Bd4 47. Nf8+ Kf7 48.
Nd7 Bxf2 49. Kd5 f3 50. gxf3 Kg6 51. Nxc5 Bxc5 52. Kxc5 Kf6 53. Kd5 Ke7 54. Ke5
Kf7 55. Kf5 Kg7 {Black resigns} 1-0

[Event "Team 45 45 League T37"]
[Site "Internet Chess Club"]
[Date "2008.05.24"]
[Round "5"]
[White "Conjurer"]
[Black "dharris"]
[Result "0-1"]
[WhiteElo "1264"]
[BlackElo "1107"]
[Opening "English: Bremen, reverse dragon"]
[ECO "A22"]
[Time "12:00:40"]
[TimeControl "2700+45"]

1. c4 e5 2. Nc3 Nf6 3. g3 d5 4. cxd5 Nxd5 5. Bg2 Nxc3 6. bxc3 Nc6 7. Nf3 Bd6 8.
O-O O-O 9. d4 Re8 10. Qc2 g6 11. Bg5 Be7 12. Qd2 e4 13. Bxe7 Qxe7 14. Ng5 Bf5
15. Qf4 Qd8 16. Rab1 Rb8 17. Rb2 Ne7 18. Nxe4 Nd5 19. Qf3 Bxe4 20. Qg4 Bxg2 21.
Kxg2 Nxc3 22. Rc2 Qd5+ 23. f3 Nxe2 24. Rxc7 Nxd4 25. Rd7 Qxa2+ 26. Kh3 Re2 27.
Qxd4 Rxh2+ 28. Kg4 Qe6+ 29. Kf4 Qf5+ 30. Ke3 Re8+ {White resigns} 0-1

[Event "Team 45 45 League T37"]
[Site "Internet Chess Club"]
[Date "2008.05.27"]
[Round "5"]
[White "Emrebey"]
[Black "scottrugby"]
[Result "1-0"]
[WhiteElo "1685"]
[BlackElo "1529"]
[Opening "Bogo-Indian defense, Nimzovich variation"]
[ECO "E11"]
[Time "10:03:29"]
[TimeControl "2700+45"]

1. Nf3 Nf6 2. d4 e6 3. c4 Bb4+ 4. Bd2 Qe7 5. a3 Bxd2+ 6. Qxd2 d6 7. b4 Nc6 8. b5
Nb8 9. Nc3 a5 10. a4 c6 11. e4 e5 12. dxe5 dxe5 13. Rd1 O-O 14. Qd6 Qxd6 15.
Rxd6 Re8 16. h4 Bg4 17. Be2 Kf8 18. Ng5 h6 19. Nh7+ Nxh7 20. Bxg4 Nf6 21. Bf5 g6
22. Rxf6 gxf5 23. Rxh6 fxe4 24. Rh8+ Ke7 25. Rxe8+ Kxe8 26. h5 Kf8 27. Nxe4 Nd7
28. h6 Kg8 29. h7+ Kh8 30. Nd6 Rf8 31. Nxb7 cxb5 32. cxb5 Rc8 33. O-O Nb6 34.
Re1 f6 35. Nxa5 Nxa4 36. Re4 Kxh7 37. Rxa4 Rb8 38. Rb4 Kg6 39. b6 Kf5 40. b7
{Black resigns} 1-0

[Event "Team 45 45 League T37"]
[Site "Internet Chess Club"]
[Date "2008.05.22"]
[Round "5"]
[White "trigger"]
[Black "Tomate"]
[Result "1-0"]
[WhiteElo "1461"]
[BlackElo "1452"]
[Opening "King's Indian: Zinnowitz variation"]
[ECO "E61"]
[Time "19:33:03"]
[TimeControl "2700+45"]

1. d4 Nf6 2. c4 g6 3. Nf3 Bg7 4. Nc3 d6 5. Bg5 O-O 6. e4 Bg4 7. Be2 Bxf3 8. Bxf3
c6 9. O-O Nfd7 10. Qd2 Re8 11. Rad1 Qb6 12. Be3 Qc7 13. Rfe1 Nb6 14. b3 N8d7 15.
Bh6 Nf8 16. Bxg7 Kxg7 17. h4 Nbd7 18. h5 Rac8 19. d5 c5 20. Nb5 Qb8 21. h6+ Kg8
22. Qc3 f6 23. Bg4 Rcd8 24. Qh3 Ne5 25. Be6+ Nxe6 26. Qxe6+ Nf7 27. Qh3 a6 28.
Nc3 Qc8 29. g4 Ng5 30. Qg3 Nf7 31. Kg2 Ne5 32. f3 Kh8 33. Ne2 g5 34. Rg1 Rg8 35.
Qh3 Rg6 36. Ng3 Nf7 37. Nf5 Qd7 38. Rh1 Re8 39. Qh2 b5 40. cxb5 Qxb5 41. Kg1 Ne5
42. Qf2 Nd3 43. Qe2 Nf4 44. Qxb5 axb5 45. Kf1 Kg8 46. a4 b4 47. Rh2 Kf7 48. a5
Ra8 49. Ra1 Rgg8 50. a6 Rgb8 51. Ne3 Ne6 52. dxe6+ Kxe6 53. Rha2 Ra7 54. Nc4 Kd7
55. Ke2 e6 56. Kf2 Kc6 57. Kg3 d5 58. exd5+ exd5 59. Nd2 Re8 60. Kf2 Kb5 61. Nf1
Re6 62. Ne3 Rd6 63. Nf5 Rdxa6 64. Rxa6 Rxa6 65. Rxa6 Kxa6 66. Ne3 c4 67. bxc4
dxc4 68. Nxc4 Kb5 69. Nb2 b3 70. Ke2 Kb4 71. Kd2 Ka3 72. Nd3 Ka2 73. Ke3 Kb1 74.
Nc5 b2 75. Nd3 Kc2 76. Nxb2 Kxb2 77. Ke4 Kc2 78. Kf5 Kd2 79. Kxf6 Ke3 80. Kxg5
{Black resigns} 1-0

[Event "Team 45 45 League T37"]
[Site "Internet Chess Club"]
[Date "2008.05.23"]
[Round "5"]
[White "katabatico"]
[Black "hierroviejo"]
[Result "1-0"]
[WhiteElo "1406"]
[BlackElo "1323"]
[Opening "Ruy Lopez: classical (Cordel) defense"]
[ECO "C64"]
[Time "15:58:56"]
[TimeControl "2700+45"]

1. e4 e5 2. Nf3 Nc6 3. Bb5 Bc5 4. O-O d6 5. h3 Bd7 6. d3 Nf6 7. Bg5 O-O 8. Nc3
a6 9. Ba4 b5 10. Bb3 Nd4 11. Nxd4 Bxd4 12. Nd5 Bxb2 13. Rb1 Bd4 14. Nxf6+ gxf6
15. Bh4 Qe7 16. Qf3 Qe8 17. Qg3+ {Black resigns} 1-0

[Event "Team 45 45 League T37"]
[Site "Internet Chess Club"]
[Date "2008.05.23"]
[Round "5"]
[White "SufferingBruin"]
[Black "Visin"]
[Result "0-1"]
[WhiteElo "1268"]
[BlackElo "1380"]
[Opening "Ruy Lopez: closed, Flohr-Zaitsev system (Lenzerheide variation)"]
[ECO "C92"]
[Time "23:17:15"]
[TimeControl "2700+45"]

1. e4 e5 2. Nf3 Nc6 3. Bb5 a6 4. Ba4 Nf6 5. O-O b5 6. Bb3 Be7 7. Re1 O-O 8. c3
d6 9. h3 Bb7 10. d4 exd4 11. cxd4 Nd7 12. Nbd2 Bf6 13. Nf1 Re8 14. Ng3 g6 15.
Be3 Na5 16. Qd2 Nxb3 17. axb3 Bxe4 18. Nxe4 Rxe4 19. Bg5 Bxg5 20. Nxg5 Rxe1+ 21.
Rxe1 Qf6 22. Nf3 Kf8 23. Qc3 c5 24. b4 cxb4 25. Qc6 Rd8 26. Qxa6 Re8 27. Rxe8+
Kxe8 28. Qxb5 Qf4 29. Qxb4 Qc1+ 30. Qe1+ Qxe1+ 31. Nxe1 Ke7 32. Kf1 Ke6 33. Ke2
Kd5 34. Kd3 Nb8 35. Nc2 Nc6 36. Kc3 f5 37. b4 h5 38. h4 Na7 39. Ne3+ Ke4 40. Kc4
f4 41. Nd5 Nc6 42. Nf6+ Kf5 43. b5 Na5+ 44. Kb4 Nb7 45. Ne8 Ke4 46. Kc3 Kd5 47.
Nc7+ Ke4 48. f3+ Ke3 49. Kc4 Kf2 50. Ne6 Kxg2 51. Nxf4+ Kxf3 52. Nxg6 Kg4 53.
Kd5 Kf5 54. Kc6 Na5+ 55. Kxd6 Kxg6 56. b6 Kf6 57. Kc7 Ke6 58. b7 Nxb7 59. Kxb7
Kd5 60. Kc7 Kxd4 61. Kd6 Ke4 62. Ke6 Kf4 63. Kf6 Kg4 64. Kg6 Kxh4 65. Kf5 Kg3
66. Ke4 h4 67. Ke3 Kg2 {White resigns} 0-1

[Event "Team 45 45 League T37"]
[Site "Internet Chess Club"]
[Date "2008.05.23"]
[Round "5"]
[White "matein7"]
[Black "DFME"]
[Result "1-0"]
[WhiteElo "1960"]
[BlackElo "1635"]
[Opening "QGD: 4.Nf3"]
[ECO "D37"]
[Time "09:03:06"]
[TimeControl "2700+45"]

1. d4 Nf6 2. Nf3 e6 3. c4 d5 4. Nc3 Be7 5. Bg5 dxc4 6. e3 Bb4 7. Bxc4 c5 8. O-O
cxd4 9. exd4 Bxc3 10. bxc3 Qc7 11. Bd3 Bd7 12. c4 a6 13. Re1 Qa5 14. d5 O-O 15.
Bxf6 gxf6 16. Bxh7+ Kxh7 17. Ng5+ Kg6 18. Qd3+ Kxg5 19. Qh7 Nc6 20. h4+ {Black
resigns} 1-0

[Event "Team 45 45 League T37"]
[Site "Internet Chess Club"]
[Date "2008.05.22"]
[Round "5"]
[White "Lazerpawn"]
[Black "Ernie1"]
[Result "1-0"]
[WhiteElo "1685"]
[BlackElo "1677"]
[Opening "Nimzovich-Larsen attack"]
[ECO "A01"]
[Time "22:05:43"]
[TimeControl "2700+45"]

1. b3 c6 2. f4 d5 3. Bb2 Nf6 4. e3 Bg4 5. Be2 Bxe2 6. Qxe2 e6 7. Nf3 Nbd7 8. a4
Bd6 9. O-O O-O 10. d3 Qc7 11. Nbd2 e5 12. fxe5 Nxe5 13. Nxe5 Bxe5 14. Bxe5 Qxe5
15. Nf3 Qe7 16. h3 Rfe8 17. Rae1 Rad8 18. Qf2 Qc5 19. Nd4 Qf8 20. Nf5 Re6 21.
Qg3 Rde8 22. Rf3 Nh5 23. Qg5 Nf6 24. Ref1 Kh8 25. h4 h6 26. Qg3 Nh5 27. Qf2 Nf6
28. Qg3 Kh7 29. Qh3 Qc5 30. R1f2 Qb4 31. Rf4 Qe1+ 32. Rf1 Qe2 33. R4f3 Qxc2 34.
Nd4 Qxd3 35. Nxe6 Rxe6 36. b4 Qb3 37. Qf5+ g6 38. Qf4 Kg7 39. g4 Re7 40. Qxf6+
{Black resigns} 1-0

[Event "Team 45 45 League T37"]
[Site "Internet Chess Club"]
[Date "2008.05.24"]
[Round "5"]
[White "Boromir"]
[Black "Despair"]
[Result "1-0"]
[WhiteElo "2020"]
[BlackElo "1925"]
[Opening "Alekhine's defense: modern variation, 4...Bg4"]
[ECO "B05"]
[Time "05:58:11"]
[TimeControl "2700+45"]

1. e4 Nf6 2. e5 Nd5 3. d4 d6 4. Nf3 Bg4 5. Be2 Nc6 6. c4 Nb6 7. exd6 Qxd6 8. c5
Qe6 9. cxb6 Bxf3 10. gxf3 O-O-O 11. bxa7 Nxa7 12. Nc3 Qh3 13. Be3 Qg2 14. Rf1
Qxh2 15. Qa4 Kb8 16. d5 Nc8 17. O-O-O g6 18. Nb5 Bg7 19. Ba7+ Nxa7 20. Qxa7+ Kc8
21. Qa8+ Kd7 22. Qxb7 {Black resigns} 1-0

[Event "Team 45 45 League T37"]
[Site "Internet Chess Club"]
[Date "2008.05.26"]
[Round "5"]
[White "Aces"]
[Black "ivanson"]
[Result "1-0"]
[WhiteElo "1784"]
[BlackElo "1790"]
[Opening "Queen's pawn: stonewall attack"]
[ECO "A45"]
[Time "17:00:12"]
[TimeControl "2700+45"]

1. d4 Nf6 2. e3 d5 3. Bd3 c5 4. c3 Nc6 5. f4 Bg4 6. Nf3 e6 7. Nbd2 Bd6 8. O-O
Qc7 9. Qe1 O-O-O 10. Ne5 h5 11. b3 Bf5 12. Bb5 Ne4 13. Bxc6 bxc6 14. Nxe4 Bxe4
15. Ba3 f6 16. Nf3 Qe7 17. Qe2 Kb7 18. c4 g5 19. fxg5 fxg5 20. dxc5 Bc7 21. cxd5
exd5 22. Qb5+ Kc8 23. Qa6+ Kb8 24. Nd4 Rh6 25. Qxc6 Bd3 26. Qxh6 Qxe3+ 27. Rf2
Qxd4 28. Qf6 Be5 29. Qxd8+ {Black resigns} 1-0

[Event "Team 45 45 League T37"]
[Site "Internet Chess Club"]
[Date "2008.05.23"]
[Round "5"]
[White "PJ"]
[Black "BigH"]
[Result "1/2-1/2"]
[WhiteElo "1750"]
[BlackElo "1659"]
[Opening "Sicilian: closed"]
[ECO "B24"]
[Time "13:06:17"]
[TimeControl "2700+45"]

1. e4 c5 2. Nc3 Nc6 3. g3 Nf6 4. Bg2 e6 5. d3 Be7 6. g4 O-O 7. g5 Ne8 8. h4 Nc7
9. f4 d5 10. Bd2 b5 11. Qf3 Nd4 12. Qd1 Bb7 13. Nce2 dxe4 14. dxe4 f5 15. c3
Nxe2 16. Qxe2 fxe4 17. Bxe4 Bxe4 18. Qxe4 Qd5 19. Qxd5 exd5 20. O-O-O Bd6 21.
Rf1 Rae8 22. Kd1 a5 23. Ne2 b4 24. f5 Re4 25. Rh3 g6 26. f6 Kf7 27. h5 Ne6 28.
hxg6+ hxg6 29. Rh7+ Ke8 30. Ra7 Bc7 31. Rh1 Rf7 32. Rh6 Nf8 33. Rh8 Rd7 34. cxb4
axb4 35. Rg8 Bd6 36. Rg7 Rxa7 37. Rxa7 Rh4 38. a4 bxa3 39. bxa3 Rh7 40. Ra8+ Kd7
41. Bf4 Rh1+ 42. Kd2 Bxf4+ 43. Nxf4 Nh7 44. Nxg6 Nxg5 45. Nf8+ Kd6 46. Rd8+ Ke5
47. a4 Ne4+ 48. Kc2 Nxf6 49. a5 Ra1 50. a6 Rxa6 51. Ng6+ Ke4 52. Ne7 d4 53. Kb3
Kd3 54. Nf5 Rb6+ 55. Ka2 Kc2 56. Ra8 d3 57. Ne3+ Kc1 58. Ra3 Ne4 59. Rxd3 Ra6+
60. Ra3 Nc3+ 61. Kb3 c4+ 62. Nxc4 Rxa3+ 63. Nxa3 {Game drawn because neither
player has mating material} 1/2-1/2

[Event "Team 45 45 League T37"]
[Site "Internet Chess Club"]
[Date "2008.05.24"]
[Round "5"]
[White "quotha"]
[Black "nanning"]
[Result "1-0"]
[WhiteElo "1570"]
[BlackElo "1607"]
[Opening "Queen's pawn game"]
[ECO "A45"]
[Time "14:53:40"]
[TimeControl "2700+45"]

1. d4 Nf6 2. g3 d5 3. Bg2 c6 4. Nf3 Bf5 5. Nc3 Nbd7 6. O-O e6 7. Bg5 h6 8. Bf4
Nh5 9. Bd2 Bd6 10. Nh4 Bh7 11. e4 g5 12. Qxh5 gxh4 13. e5 Bg6 14. Qe2 Be7 15.
Rac1 Qb6 16. Be3 O-O-O 17. b3 hxg3 18. fxg3 h5 19. Na4 Qc7 20. c4 dxc4 21. Qxc4
h4 22. Bf4 hxg3 23. Bxg3 Bg5 24. d5 exd5 25. Qg4 Bxc1 26. Rxc1 Bh5 27. Qf4 Nb6
28. Nc5 Qe7 29. e6 Rhf8 30. Qb8# {Black checkmated} 1-0

[Event "Team 45 45 League T37"]
[Site "Internet Chess Club"]
[Date "2008.05.25"]
[Round "5"]
[White "secant"]
[Black "Chessrascal"]
[Result "1-0"]
[WhiteElo "2114"]
[BlackElo "2140"]
[Opening "English: three knights system"]
[ECO "A27"]
[Time "19:56:18"]
[TimeControl "2700+45"]

1. c4 e5 2. Nf3 Nc6 3. Nc3 g6 4. g3 Bg7 5. Bg2 d6 6. O-O f5 7. d3 Nf6 8. Bg5 h6
9. Bxf6 Bxf6 10. Nd5 Bg7 11. Nh4 Kf7 12. e3 Rf8 13. b4 Ne7 14. Rb1 c6 15. Nxe7
Qxe7 16. b5 Bd7 17. Qb3 Bf6 18. bxc6 Bxc6 19. c5+ Kg7 20. Bxc6 bxc6 21. cxd6
Qxd6 22. Qb7+ Qe7 23. Qxc6 Bxh4 24. Rb7 Rfc8 25. Rxe7+ Bxe7 26. Qd7 Kf6 27. Rb1
Rd8 28. Qc6+ Kf7 29. Rb7 Rac8 30. Qa6 Re8 31. Qd6 Rb8 32. Rxe7+ {Black resigns}
1-0

[Event "Team 45 45 League T37"]
[Site "Internet Chess Club"]
[Date "2008.05.25"]
[Round "5"]
[White "HocusPocus"]
[Black "PandorasBox"]
[Result "0-1"]
[WhiteElo "1968"]
[BlackElo "2141"]
[Opening "French: classical"]
[ECO "C13"]
[Time "04:05:48"]
[TimeControl "2700+45"]

1. e4 e6 2. d4 d5 3. Nc3 Nf6 4. Bg5 Be7 5. exd5 exd5 6. Bd3 Nc6 7. Nge2 O-O 8.
O-O Nb4 9. Bb5 c6 10. Ba4 Bg4 11. f3 Bf5 12. Ng3 Bg6 13. Nce2 h6 14. Bd2 Qb6 15.
c3 Nd3 16. Rb1 Nxb2 17. Rxb2 Qxb2 18. Bb3 Qa3 19. Nf4 Bh7 20. Bc1 Qd6 21. Nd3 b6
22. Ne5 Nd7 23. Re1 Nxe5 24. dxe5 Qc5+ 25. Qd4 Qxd4+ 26. cxd4 a5 27. f4 a4 28.
Bd1 b5 29. Bg4 b4 30. Nf5 Bxf5 31. Bxf5 Rfb8 32. Bb2 a3 33. Ba1 b3 34. axb3 Rxb3
35. Bc2 Rb6 {White resigns} 0-1

[Event "Team 45 45 League T37"]
[Site "Internet Chess Club"]
[Date "2008.05.22"]
[Round "5"]
[White "Despair"]
[Black "b-spot"]
[Result "1-0"]
[WhiteElo "1938"]
[BlackElo "1768"]
[Opening "Grob's attack"]
[ECO "A00"]
[Time "18:54:57"]
[TimeControl "2700+45"]

1. g4 d5 2. h3 e5 3. Bg2 c6 4. d4 e4 5. Bf4 Bd6 6. e3 Bxf4 7. exf4 Ne7 8. Ne2
O-O 9. Nd2 Na6 10. c4 Nb4 11. O-O Ng6 12. cxd5 cxd5 13. f3 f5 14. Qb3 Nd3 15.
fxe4 fxe4 16. f5 Nh4 17. Bxe4 Bxf5 18. Qxd5+ Qxd5 19. Bxd5+ Be6 20. Bxe6+ Kh8
21. Bd5 Rfe8 22. Ne4 Rad8 23. Bxb7 Nxb2 24. Ng5 Rb8 25. Nf7+ Kg8 26. Bd5 Rxe2
27. Nd8+ Kh8 28. Rf8# {Black checkmated} 1-0

[Event "Team 45 45 League T37"]
[Site "Internet Chess Club"]
[Date "2008.05.25"]
[Round "5"]
[White "powerchess1"]
[Black "MaunaKeaMike"]
[Result "1/2-1/2"]
[WhiteElo "1697"]
[BlackElo "1819"]
[Opening "Queen's pawn: London system"]
[ECO "A45"]
[Time "12:08:26"]
[TimeControl "2700+45"]

1. d4 Nf6 2. Bf4 c5 3. e3 Qb6 4. b3 g6 5. Nf3 Bg7 6. Nc3 cxd4 7. exd4 d6 8. Na4
Qa5+ 9. Bd2 Qc7 10. Rc1 Bd7 11. Nc3 a6 12. Bd3 Nc6 13. a3 Bg4 14. d5 Nd4 15. h3
Nxf3+ 16. gxf3 Bh5 17. O-O Nd7 {Game drawn by mutual agreement} 1/2-1/2

[Event "Team 45 45 League T37"]
[Site "Internet Chess Club"]
[Date "2008.05.27"]
[Round "5"]
[White "pestka"]
[Black "andreip"]
[Result "1/2-1/2"]
[WhiteElo "2229"]
[BlackElo "2064"]
[Opening "King's Indian: Averbakh system"]
[ECO "E73"]
[Time "02:21:14"]
[TimeControl "2700+45"]

1. d4 g6 2. c4 Bg7 3. Nc3 Nf6 4. e4 d6 5. Be2 O-O 6. Bg5 h6 7. Be3 Nbd7 8. Qd2
Kh7 9. h4 e5 10. d5 b6 11. g4 Nc5 12. f3 a5 {Game drawn by mutual agreement}
1/2-1/2

[Event "Team 45 45 League T37"]
[Site "Internet Chess Club"]
[Date "2008.05.26"]
[Round "5"]
[White "primerpaso"]
[Black "eurander"]
[Result "0-1"]
[WhiteElo "1858"]
[BlackElo "2150"]
[Opening "English: Caro-Kann defensive system"]
[ECO "D13"]
[Time "15:00:47"]
[TimeControl "2700+45"]

1. c4 c6 2. Nc3 d5 3. cxd5 cxd5 4. d4 Nf6 5. Nf3 Nc6 6. Bf4 a6 7. e3 Bf5 8. Be2
e6 9. O-O Bd6 10. Bxd6 Qxd6 11. Na4 Nd7 12. Rc1 O-O 13. Qd2 Rfc8 14. Rc3 Ne7 15.
Rfc1 Rxc3 16. Rxc3 Rc8 17. Rxc8+ Nxc8 18. Qa5 Qc6 19. Ne5 Qc1+ 20. Bf1 b6 21.
Qxa6 Nxe5 22. dxe5 h6 23. Nc3 Ne7 24. Qe2 Nc6 25. f4 Nb4 26. g3 Bd3 27. Qf2 Bxf1
28. Qxf1 Qxb2 29. Na4 Qa3 30. Nxb6 Qxe3+ 31. Qf2 Qxf2+ 32. Kxf2 Nxa2 33. Nc8 Nb4
34. Ke3 Nc6 35. Nd6 Kf8 36. Nb5 Ke7 37. Na3 f6 38. exf6+ gxf6 39. g4 e5 40. h4
Na5 41. fxe5 fxe5 42. Kf3 Nb3 43. Nb5 Nd2+ 44. Ke3 Nc4+ 45. Kf3 Kf6 46. Nc7 Nb6
47. Ne8+ Kg6 48. Nd6 Nc4 49. Nf5 Nb6 50. Ng3 Na4 51. Ne2 Kf6 52. Kg3 Nc5 53. Ng1
e4 54. Ne2 Ne6 55. Ng1 Ke5 56. Nh3 d4 57. Ng1 Nf4 58. Kf2 d3 59. Ke3 Ng2+ 60.
Kd2 Nxh4 61. Nh3 Nf3+ 62. Ke3 Nh2 63. g5 Ng4+ 64. Kd2 hxg5 65. Nxg5 Kd4 66. Ne6+
Kc4 67. Nf4 e3+ 68. Ke1 Nf2 {White resigns} 0-1

[Event "Team 45 45 League T37"]
[Site "Internet Chess Club"]
[Date "2008.05.25"]
[Round "5"]
[White "VanillaQueen"]
[Black "viking99"]
[Result "1-0"]
[WhiteElo "1866"]
[BlackElo "1804"]
[Opening "Petrov three knights game"]
[ECO "C26"]
[Time "14:01:33"]
[TimeControl "2700+45"]

1. Nc3 Nf6 2. e4 e5 3. Nf3 d6 4. Bc4 Be7 5. d4 exd4 6. Qxd4 O-O 7. Bg5 Nc6 8.
Qd2 Be6 9. Bb5 Ng4 10. h3 Bxg5 11. Nxg5 Nge5 12. f4 Bc4 13. fxe5 Bxb5 14. Nxb5
h6 15. Nf3 Nxe5 16. O-O-O Nc4 17. Qd4 Nb6 18. Nc3 Qe8 19. Rhf1 Qe6 20. g4 a5 21.
Nd5 Rac8 22. Kb1 Nd7 23. Nh4 c5 24. Qe3 Ne5 25. Nf5 b5 26. Nde7+ Kh7 27. Nxc8
Rxc8 28. Rxd6 Qc4 29. Rfd1 Qb4 30. Rxh6+ Kg8 31. Ne7+ Kf8 32. Nxc8 {Black
resigns} 1-0

[Event "Team 45 45 League T37"]
[Site "Internet Chess Club"]
[Date "2008.06.03"]
[Round "5"]
[White "cityprosecutor"]
[Black "tourettes"]
[Result "1-0"]
[WhiteElo "1752"]
[BlackElo "1637"]
[Opening "French: King's Indian attack"]
[ECO "C00"]
[Time "13:08:58"]
[TimeControl "2700+45"]

1. e4 e6 2. d3 d5 3. Nd2 Ne7 4. g3 dxe4 5. Nxe4 Ng6 6. Bg2 Be7 7. Nf3 O-O 8. O-O
Na6 9. d4 c5 10. c3 cxd4 11. Nxd4 Bd7 12. Qc2 e5 13. Nb3 Bc6 14. Rd1 Qc7 15. Bg5
Bxe4 16. Qxe4 Bxg5 17. Qxb7 Qc8 18. Qxa8 Qxa8 19. Bxa8 Rxa8 20. Rd6 Nc7 21. Rad1
Be7 22. Rd7 Ne6 23. h4 Bf6 24. Kg2 Ne7 25. Nc5 Nf5 26. Nxe6 fxe6 27. Rb7 a5 28.
Rdd7 e4 29. Ra7 Rb8 30. Rdb7 Rxb7 31. Rxb7 Nd6 32. Ra7 Nc4 33. b3 e3 34. fxe3
Nxe3+ 35. Kf3 Nf5 36. c4 Bc3 37. Ra6 g6 38. c5 Be5 39. c6 Kf8 40. Rxa5 Bxg3 41.
Rxf5+ gxf5 42. Kxg3 Ke7 43. b4 Kd6 44. b5 e5 45. a4 f4+ 46. Kf3 Kd5 47. c7 e4+
48. Kf2 {Black resigns} 1-0

[Event "Team 45 45 League T37"]
[Site "Internet Chess Club"]
[Date "2008.05.27"]
[Round "5"]
[White "evsponge1"]
[Black "OldBoy"]
[Result "0-1"]
[WhiteElo "1022"]
[BlackElo "1501"]
[Opening "Hungarian defense"]
[ECO "C50"]
[Time "16:48:58"]
[TimeControl "2700+45"]

1. e4 e5 2. Nf3 Nc6 3. Bc4 Be7 4. d4 Nf6 5. Nc3 O-O 6. dxe5 Ng4 7. Nd5 Ngxe5 8.
Nxe7+ Qxe7 9. Nxe5 Nxe5 10. Bb3 Qb4+ 11. c3 Qxe4+ 12. Be3 Nd3+ 13. Ke2 Nf4+ 14.
Ke1 Nxg2+ 15. Ke2 Nxe3 16. fxe3 Qg4+ 17. Kd2 Qxd1+ 18. Raxd1 d6 19. Rhg1 Be6 20.
c4 Rad8 21. Kc1 a6 22. a4 Rd7 23. a5 b5 24. axb6 cxb6 25. Ba4 Rc7 26. Kb1 Bxc4
27. Rxd6 b5 28. Bc2 a5 29. Rh6 g6 30. Rh4 a4 31. e4 Bb3 32. Bxb3 axb3 33. Rh3
Rc2 34. Rh1 Re2 35. Rxb3 Rxe4 36. Rxb5 Rfe8 37. b4 Rh4 38. Rb7 Ree4 39. b5 Rb4+
40. Kc2 Rh3 41. Rb1 Rxh2+ 42. Kc1 Rh1+ 43. Kc2 Rhxb1 44. Kc3 Rxb5 45. Rxb5 Rxb5
46. Kd3 h5 47. Ke3 Rf5 48. Ke2 h4 49. Ke3 h3 50. Ke2 h2 51. Ke3 h1=Q 52. Ke2
Qe4+ 53. Kd2 Rd5+ 54. Kc3 Qd4+ 55. Kc2 Qc4+ 56. Kb2 Rb5+ 57. Ka3 Qb4+ 58. Ka2
Qa5# {White checkmated} 0-1

[Event "Team 45 45 League T37"]
[Site "Internet Chess Club"]
[Date "2008.05.23"]
[Round "5"]
[White "mrmarck"]
[Black "Hastings"]
[Result "0-1"]
[WhiteElo "1257"]
[BlackElo "1327"]
[Opening "Queen's gambit accepted"]
[ECO "D20"]
[Time "10:00:12"]
[TimeControl "2700+45"]

1. d4 d5 2. c4 dxc4 3. e3 e5 4. Bxc4 exd4 5. exd4 Bb4+ 6. Nc3 Qe7+ 7. Ne2 Nf6 8.
Bg5 b6 9. O-O O-O 10. Nd5 Qd6 11. Nxb4 Qxb4 12. b3 Nbd7 13. Qc2 Bb7 14. Rad1 Be4
15. Qb2 Bd5 16. Bd3 Be4 17. Bc4 b5 18. a3 Qa5 19. b4 Qb6 20. Bb3 Qb7 21. f3 Bd5
22. Bc2 Qb6 23. Kh1 a5 24. Bd2 a4 25. Rfe1 Rfe8 26. Nf4 Bb7 {White disconnected
and forfeits} 0-1